 Dungeon Crawl Stone Soup version 0.28.0-1-gb440e238dd (webtiles) character file.

Game seed: 6594074760303070898

118410 mortz the Destroyer (level 17, 0/124 HPs)
             Began as a Human Conjurer on Feb 23, 2022.
             Was a High Priest of Vehumet.
             Killed from afar by an ice statue (5 damage)
             ... with a shard of ice
             ... on level 3 of the Lair of Beasts on Feb 25, 2022.
             The game lasted 06:57:33 (40316 turns).

mortz the Destroyer (Human Conjurer)               Turns: 40316, Time: 06:57:33

Health: 0/124      AC: 13    Str: 17    XL:     17   Next: 31%
Magic:  0/34       EV: 19    Int: 30    God:    Vehumet [*****.]
Gold:   768        SH:  0    Dex: 19    Spells: 0/43 levels left

rFire   x . .      SeeInvis +   U - +4 scimitar (flame) {long}
rCold   + + .      Faith    .   (no shield)
rNeg    + . .      Spirit   +   q - +2 robe {rC+}
rPois   +          Reflect  .   d - +2 helmet {Int+3}
rElec   .          Harm     .   B - +0 cloak of the Vacuum {Will+ Dex+4 Slay+3}
rCorr   .          Rampage  .   s - +0 pair of fencer's gloves {Riposte Dex+3}
Will    ++...                   g - +2 pair of boots
Stlth   +++++.....              V - amulet of Knowledge {Spirit rPois rN+ Stlth+}
HPRegen 0.30/turn               f - ring "Rolaux" {rPois Str+6 Int+4 SInv}
MPRegen 0.24/turn               X - ring of ice

@: slowed, very slow
A: no striking features
a: Renounce Religion


You were on level 3 of the Lair of Beasts.
You worshipped Vehumet.
Vehumet was extremely pleased with you.
You visited 4 branches of the dungeon, and saw 24 of its levels.
You also visited: Ossuary, Bailey and Ice Cave.

You collected 2580 gold pieces.
You spent 1812 gold pieces at shops.


   Skills:
 + Level 8.8 Fighting
 + Level 11.8 Long Blades
 + Level 4.0(4.3) Axes
 + Level 2.2(3.4) Polearms
 - Level 0.7 Crossbows
 + Level 5.7 Armour
 + Level 10.4 Dodging
 + Level 6.4 Stealth
 + Level 13.8 Spellcasting
 + Level 14.7 Conjurations
 - Level 1.1 Hexes
 - Level 0.3 Translocations
 + Level 7.7 Fire Magic
 - Level 0.9 Air Magic
 + Level 4.0 Earth Magic
 + Level 0.7 Poison Magic
 + Level 0.8 Evocations


You couldn't memorise any spells.
You knew the following spells:

 Your Spells              Type           Power      Damage    Failure   Level
a - Magic Dart            Conj           100%       1d8       0%          1
b - Conjure Ball Lightni  Conj/Air       30%        3x3d10    4%          6
c - Mephitic Cloud        Conj/Pois/Air  52%        N/A       1%          3
d - Fireball              Conj/Fire      36%        3d15      1%          5
e - Orb of Destruction    Conj           41%        9d11      1%          7
f - Iskenderun's Mystic   Conj/Tloc      60%        2d13      1%          4
g - Sticky Flame          Conj/Fire      73%        2d9       1%          4
h - Foxfire               Conj/Fire      100%       2x1d9     0%          1
i - Stone Arrow           Conj/Erth      100%       3d13      1%          3
j - Lightning Bolt        Conj/Air       30%        1d47      1%          5
k - Flame Wave            Conj/Fire      73%        2d13      1%          4

Your spell library contained the following spells:

 Spells                   Type           Power      Damage    Failure   Level
 Searing Ray              Conj           100%       2d8       0%          2
 Apportation              Tloc           44%        N/A       1%          1
 Poisonous Vapours        Pois/Air       50%        N/A       1%          2
 Scorch                   Fire           100%       2d10      1%          2
 Static Discharge         Conj/Air       61%        N/A       1%          2
 Dazzling Flash           Conj/Hex       100%       N/A       1%          3
 Ignite Poison            Fire/Tmut/Pois 37%        N/A       1%          3
 Inner Flame              Hex/Fire       47%        N/A       1%          3
 Fulminant Prism          Conj/Hex       31%        3d16      1%          4
 Iskenderun's Battlesphe  Conj           83%        2d13      1%          5
 Starburst                Conj/Fire      36%        6d11      1%          6
 Animate Skeleton         Necr           40%        N/A       2%          1
 Pain                     Necr           80%        1d8       2%          1
 Summon Small Mammal      Summ           80%        N/A       2%          1
 Freezing Cloud           Conj/Ice/Air   33%        6-21      2%          5
 Iron Shot                Conj/Erth      33%        9d7       2%          6
 Corpse Rot               Necr/Air       46%        N/A       3%          2
 Portal Projectile        Hex/Tloc       50%        N/A       5%          3
 Vampiric Draining        Necr           20%        2d7       7%          3
 Animate Armour           Summ/Erth      64%        N/A       11%         4
 Passage of Golubria      Tloc           22%        N/A       21%         4
 Summon Lightning Spire   Summ/Air       23%        N/A       21%         4
 Dispel Undead            Necr           20%        3d11      24%         4
 Spellforged Servitor     Conj/Summ      30%        N/A       24%         7
 Silence                  Hex/Air        13%        N/A       38%         5
 Blade Hands              Tmut           10%        N/A       54%         5
 Excruciating Wounds      Necr           10%        N/A       54%         5
 Lehudib's Crystal Spear  Conj/Erth      33%        10d9      58%         8
 Ignition                 Fire           30%        3d10      82%         8
 Summon Cactus Giant      Summ           10%        N/A       98%         6
 Storm Form               Tmut/Air       11%        N/A       100%        7
 Maxwell's Capacitive Co  Air            13%        ∞         100%        8

Inventory:

Hand Weapons
 a - the +9 trident of Wiudowk {holy, +Blink rC- Int-3 Stlth+, polearm}
   (You took it off a spriggan on level 1 of the Lair of Beasts)

   It has been blessed by the Shining One to cause great damage to the undead
   and demons.
   Int:       It affects your intelligence (-3).
   rC:        It makes you vulnerable to cold.
   +Blink:    It lets you blink.
   Stlth:     It makes you more stealthy.
 n - a +2 trident of venom {polearm}
   (You took it off a gnoll sergeant on level 12 of the Dungeon)
 D - a +0 falchion of holy wrath {long}
   (You found it on level 5 of the Dungeon)
 R - the +10 hand axe of the Glimmering Spider {freeze, rPois, axe}
   (You found it in an ice cave)

   It freezes those it strikes, dealing additional cold damage.
   It can also slow down cold-blooded creatures.
   rPois:     It protects you from poison.
 U - a +4 scimitar of flaming (weapon) {long}
   (You took it off Erica on level 9 of the Dungeon)
Armour
 d - a +2 helmet of intelligence (worn)
   (You took it off Robin on level 2 of the Dungeon)
 g - a +2 pair of boots (worn)
   (You found it on level 6 of the Dungeon)
 q - a +2 robe of cold resistance (worn)
   (You took it off an orc sorcerer on level 1 of the Orcish Mines)
 s - the +0 pair of fencer's gloves (worn) {Riposte Dex+3}
   (You found it on level 11 of the Dungeon)

   It allows the wearer to riposte with melee weapons, swiftly retaliating
   against missed attacks.
   Dex:       It affects your dexterity (+3).
 B - the +0 cloak of the Vacuum (worn) {Will+ Dex+4 Slay+3}
   (You found it on level 5 of the Lair of Beasts)

   Dex:       It affects your dexterity (+4).
   Slay:      It affects your accuracy & damage with ranged weapons and melee
   (+3).
   Will:      It increases your willpower.
 E - the +2 robe "Sukluys" {*Corrode rElec rPois Archmagi}
   (You found it on level 15 of the Dungeon)

   rElec:     It insulates you from electricity.
   rPois:     It protects you from poison.
   *Corrode:  It may corrode you when you take damage.
   Archmagi:  It increases the power of your magical spells.
 Q - +0 steam dragon scales
   (You found it on level 8 of the Dungeon)
 Y - a +3 troll leather armour
   (You found it on level 9 of the Dungeon)
Magical Staves
 x - a staff of conjuration {!a@e2staff}
   (You found it on level 12 of the Dungeon)
Jewellery
 c - an amulet of reflection
   (You found it on level 10 of the Dungeon)
 f - the ring "Rolaux" (left hand) {rPois Str+6 Int+4 SInv}
   (You bought it in a shop on level 2 of the Orcish Mines)

   [ring of strength]

   Str:       It affects your strength (+6).
   Int:       It affects your intelligence (+4).
   rPois:     It protects you from poison.
   SInv:      It lets you see invisible.
 l - a +6 ring of dexterity
   (You found it on level 6 of the Dungeon)
 p - a +6 ring of intelligence
   (You found it on level 3 of the Lair of Beasts)
 y - a +4 ring of protection
   (You found it on level 3 of the Dungeon)
 F - a ring of flight
   (You found it on level 5 of the Dungeon)
 V - the amulet of Knowledge (around neck) {Spirit rPois rN+ Stlth+}
   (You found it on level 10 of the Dungeon)

   [amulet of guardian spirit]

   It causes incoming damage to be divided between your reserves of health and
   magic.
   rPois:     It protects you from poison.
   rN:        It protects you from negative energy.
   Stlth:     It makes you more stealthy.
 X - a ring of ice (right hand)
   (You took it off Fannar on level 12 of the Dungeon)
Wands
 G - a wand of digging (5)
   (You found it on level 5 of the Lair of Beasts)
 I - a wand of paralysis (1)
   (You found it on level 1 of the Lair of Beasts)
 J - a wand of acid (3)
   (You found it on level 12 of the Dungeon)
 M - a wand of flame (49)
   (You found it on level 7 of the Dungeon)
 O - a wand of iceblast (6)
   (You found it on level 7 of the Dungeon)
 Z - a wand of polymorph (4)
   (You took it off a wight on level 10 of the Dungeon)
Scrolls
 k - 5 scrolls of magic mapping {!r}
 m - 10 scrolls of teleportation {@r4}
 t - 2 scrolls of holy word
 v - a scroll of immolation {!r!r}
 w - 3 scrolls of fog
 z - 5 scrolls of amnesia
 A - 3 scrolls of fear
 C - 4 scrolls of blinking {!r}
 T - a scroll of torment {!r}
 W - a scroll of enchant armour
Potions
 b - a potion of magic
 e - 8 potions of might
 h - 2 potions of haste {@q3}
 i - 6 potions of heal wounds {@q2}
 j - 3 potions of cancellation
 o - 10 potions of curing {@q1}
 r - 3 potions of resistance
 u - a potion of ambrosia {unknown}
 P - 2 potions of flight
Miscellaneous
 K - a phantom mirror
   (You found it on level 13 of the Dungeon)
 L - a lightning rod (4/4)
   (You found it on level 6 of the Lair of Beasts)

Dungeon Overview and Level Annotations

Branches:
Dungeon (15/15)            Temple (1/1) D:5            Lair (6/6) D:8
 Shoals (0/4) Lair:3       Spider (0/4) Lair:4        Slime (0/5) Lair:6
    Orc (2/2) D:12            Elf (0/3) Orc:2        Vaults (0/5) D:14
 Depths (0/4) D:15        Ossuary (visited)          Bailey (visited)
  IceCv (visited)

Altars:
Ashenzari
Cheibriados
Dithmenos
Elyvilon
Fedhas
Gozag
Hepliaklqana
Kikubaaqudgha
Makhleb
Nemelex Xobeh
Okawaru
Qazlal
Ru
Sif Muna
Trog
Uskayaw
Vehumet
Wu Jian
Xom
Yredelemnul
Zin
The Shining One
Beogh

Shops:
D:6 (?   D:8 :   D:9 [   D:15 ?   Orc:2 !=!=:=

Annotations:
D:13 3 runed translucent doors, Wemm's ghost, journeyman SpEn
D:14 2 transporters, Ficoysum's ghost, journeyman GnWn
Lair:3 1 transporter, exclusion: 2 ice statues
Lair:5 exclusion: oklob plant
Lair:6 Rupert

≈#####...# #.#.# ##≈≈≈#...#
#...# ≈#≈≈≈#.#.# ### ###.#
≈#≈≈(#...# ####.#######.####
≈≈###'.#.####..............P#
###...(#...#...............##
#..#...........©...........#
#....##......#####.........#
....#..#.P..##w©@##........#
....####<..##Y###.##.......#
.#### #...##....≈Y.##......##
## ##..##8.≈..$.≈8##......#
###..##..#.###.#≈Y##...###
##...##....##F#.....##..P#
#.#..#.#..##.(.##$≈#.#..## #
##...#©#$.#.....#..#.#...#
####...#.#..##...##.≈#.#..##


You could see 2 ice statues, a torpor snail, a cane toad and 3 ice beasts.


Message History

You lost 2 mp, and now have 7/34 mp.
You slice the komodo dragon!! You burn the komodo dragon.
The komodo dragon closely misses you. 😨 MP[+1]
You hit the komodo dragon. You burn the komodo dragon.
You kill the komodo dragon!
Vehumet accepts your kill.
You feel your power returning.
The torpor snail bites you but does no damage. 😨 MP[+4]
You regained 4 mp, and now have 12/34 mp.
You hack one of the four-headed hydra's heads off!
The flame cauterises the wound!
You slash the three-headed hydra! You burn the three-headed hydra.
The three-headed hydra barely misses you.
The three-headed hydra bites you but does no damage.
The three-headed hydra bites you!
* * * LOW HITPOINT WARNING * * *
😨 HP[-6] MP[-2]
You take 6 damage, and now have 34/124 hp.
You lost 2 mp, and now have 10/34 mp.
You lop one of the three-headed hydra's heads off!
The flame cauterises the wound!
You hit the two-headed hydra. You burn the two-headed hydra.
The ice statue gestures.
The torpor snail bites you!
* * * LOW HITPOINT WARNING * * *
The two-headed hydra closely misses you.
You riposte.
You barely miss the two-headed hydra.
The two-headed hydra bites you but does no damage. 😱 HP[-8] MP[-1]
You take 8 damage, and now have 26/124 hp.
You lost 1 mp, and now have 9/34 mp.
You chop one of the two-headed hydra's heads off!
The flame cauterises the wound!
You slice the one-headed hydra!! You burn the one-headed hydra.
The one-headed hydra bites you but does no damage.
The torpor snail bites you!
* * * LOW HITPOINT WARNING * * *
😱 HP[-4] MP[-2]
You take 4 damage, and now have 22/124 hp.
You lost 2 mp, and now have 7/34 mp.
You slice the one-headed hydra's last head off!
You kill the one-headed hydra!
Vehumet accepts your kill.
You feel your power returning. The torpor snail closely misses you.
You riposte.
You barely miss the torpor snail.
The ice statue glitters chillingly in the dim dungeon light. 😱 MP[+6]
You regained 6 mp, and now have 13/34 mp.
You closely miss the ice beast. The ice beast barely misses you.
You riposte.
You slash the ice beast!
You melt the ice beast!
Your punch misses the ice beast. The ice statue gestures at you.
The bolt of cold hits the ice beast.
The ice beast completely resists.
The bolt of cold misses you. The torpor snail bites you!
* * * LOW HITPOINT WARNING * * *
😱 HP[-8] MP[-4]
You take 8 damage, and now have 14/124 hp.
You lost 4 mp, and now have 9/34 mp.
You hit the ice beast.
You melt the ice beast.
You kill the ice beast!
The ice beast disappears in a puff of smoke!
The ice statue gestures at you.
The bolt of cold misses the ice beast.
The bolt of cold misses you. The torpor snail bites you!
* * * LOW HITPOINT WARNING * * *
😱 HP[-6] MP[-4]
You take 6 damage, and now have 8/124 hp.
You lost 4 mp, and now have 5/34 mp.
You slash the ice beast!
You melt the ice beast.
The ice beast closely misses you.
You riposte.
You slash the ice beast!
You melt the ice beast.
You kill the ice beast!
The ice beast disappears in a puff of smoke!
The torpor snail misses you.
You riposte.
You hit the torpor snail. You burn the torpor snail.
You barely miss the ice beast. The ice beast closely misses you.
The ice statue gestures.
You hit the ice beast but do no damage. The torpor snail bites you.
The ice beast closely misses you. 😱 HP[+1]
You slash the ice beast!
You melt the ice beast.
The ice beast barely misses you. The ice statue gestures at you.
The bolt of cold hits the ice beast.
The ice beast completely resists.
The bolt of cold hits you! You resist.
* * * LOW HITPOINT WARNING * * *
The torpor snail misses you. 😱 HP[-5] MP[-4]
You take 5 damage, and now have 4/124 hp.
You lost 4 mp, and now have 1/34 mp.
You slash the ice beast!
You melt the ice beast!
You kill the ice beast!
The ice beast disappears in a puff of smoke!
The ice statue gestures.
The torpor snail completely misses you. The ice statue gestures at you.
The shard of ice hits you! You partially resist.
You die...

Skill      XL: |  1  2  3  4  5  6  7  8  9 10 11 12 13 14 15 16 17 |
---------------+----------------------------------------------------+-----
Conjurations   | 5 6 7 8 9 10 11 12 13 14 | 14.7
Axes           | 1 2 4 |  4.0
Stealth        | 3 4 5 6 |  6.4
Spellcasting   | 3 4 5 6 8 9 10 11 12 13 | 13.8
Fighting       | 1 2 3 4 5 6 7 8 |  8.8
Dodging        | 3 4 5 6 7 8 9 10 | 10.4
Long Blades    | 3 4 5 6 8 9 10 11 | 11.8
Armour         | 2 4 5 |  5.7
Fire Magic     | 1 2 4 6 7 |  7.7
Earth Magic    | 1 3 4 |  4.0
Hexes          | 1 |  1.1
Polearms       | 2 |  2.2
Crossbows      | |  0.7
Translocations | |  0.3
Air Magic      | |  0.9
Poison Magic   | |  0.7
Evocations     | |  0.8

Action                   |  1- 3 |  4- 6 |  7- 9 | 10-12 | 13-15 | 16-18 || total
-------------------------+-------+-------+-------+-------+-------+-------++-------
Melee: Battleaxe         |       |     6 |     6 |       |       |       ||    12
       Falchion          |       |       |     5 |       |       |     3 ||     8
       Scimitar          |       |       |       |    71 |   433 |   292 ||   796
       Punch             |       |       |       |     4 |     9 |     6 ||    19
       Spear             |       |       |       |     9 |    98 |       ||   107
       Hand axe          |       |       |       |       |       |    44 ||    44
 Fire: Triple crossbow   |       |       |       |     8 |       |       ||     8
 Cast: Magic Dart        |    47 |    30 |    48 |   111 |    55 |       ||   291
       Searing Ray       |    17 |    19 |    71 |   160 |    36 |       ||   303
       Iskenderun's Myst |       |       |       |     4 |    10 |     3 ||    17
       Fulminant Prism   |       |       |       |     4 |     2 |       ||     6
       Mephitic Cloud    |       |       |       |     5 |     3 |       ||     8
       Foxfire           |       |       |       |    16 |   177 |    99 ||   292
       Sticky Flame      |       |       |       |     8 |   202 |    70 ||   280
       Stone Arrow       |       |       |       |     6 |    78 |    41 ||   125
       Flame Wave        |       |       |       |       |     6 |     2 ||     8
       Fireball          |       |       |       |       |     3 |    27 ||    30
       Lightning Bolt    |       |       |       |       |       |    36 ||    36
       Orb of Destructio |       |       |       |       |       |     7 ||     7
       Conjure Ball Ligh |       |       |       |       |       |     1 ||     1
Evoke: Wand              |       |       |       |     6 |     1 |     1 ||     8
  Use: Scroll            |       |       |     8 |    11 |    12 |     8 ||    39
       Potion            |       |       |     1 |       |     2 |       ||     3
 Stab: Sleeping          |       |       |       |     2 |       |       ||     2
       Distracted        |       |       |       |       |     1 |       ||     1
Armor: Robe              |       |     1 |    43 |    15 |       |    14 ||    73
       Steam dragon scal |       |       |       |    61 |       |       ||    61
       Troll leather arm |       |       |       |   139 |   359 |   108 ||   606
Dodge: Dodged            |     3 |     4 |    72 |   353 |   945 |   357 ||  1734
       Rpst.: Scimitar   |       |       |       |    23 |   201 |    62 ||   286
       Falchion          |       |       |       |     3 |       |     1 ||     4
       Staff             |       |       |       |     2 |       |       ||     2
       Spear             |       |       |       |       |    37 |       ||    37
       Hand axe          |       |       |       |       |       |    21 ||    21

Levels and vault maps discovered:
D:1:      dpeg_arrival_fog, layout_rooms
D:2:      layout_basic, shapermc_ecumenical_altar_ellora,
          kennysheep_nondescript, uniq_terence, uniq_robin, uniq_sigmund
D:3:      layout_loops_cross, serial_glass, glass_columns_c, glass_columns_a,
          glass_columns_a, glass_columns_a, glass_columns_c, glass_columns_a,
          glass_columns_b, glass_columns_a, glass_columns_a, glass_columns_a,
          grunt_decor_mini_mirrors
D:4:      layout_basic, enter_ossuary_2
D:5:      gammafunk_cloud_chamber, layout_loops_ring,
          mainiacjoe_overflow_catwalk, minmay_temple_entry_butterflies,
          corexii_leaking_fountain, uniq_crazy_yiuf_cottage
D:6:      kennysheep_steamy, layout_loops_cross, doesnt_xom_only_xom,
          serial_shops, shop, nicolae_shop_behind_doors
D:7:      layout_loops_cross, jmf_multi_god_temple
D:8:      layout_rooms, mainiacjoe_overflow_concentric_impassable,
          minmay_lair_entry_grove, serial_shops, nicolae_shop_statue_plus,
          serial_corexii_hall, corexii_hall_statues_x, corexii_hall_statues_u
D:9:      layout_cave_pods, serial_shops, nicolae_shop_statue_plus, uniq_erica
D:10:     layout_cave_pools, trog_butcher_becter, enter_bailey_4, serial_shops,
          kennysheep_little_box, minmay_misc_feat_iff
D:11:     layout_basic, serial_bayou_pond_e
D:12:     layout_roguey, kennysheep_orc_monster_closet_entryway, uniq_sonja,
          uniq_fannar
D:13:     layout_cave_pools, gammafunk_ghost_fury_of_okawaru,
          portal_ice_cave_rime, kiku_gazebo_garden_becter
D:14:     minmay_inside_and_out, layout_long_grid, grunt_vaults_entry_fortified,
          gammafunk_ghost_berserking_beasts, nicolae_lava_and_water
D:15:     grunt_enter_depths_giant_problem, layout_cave_pools, minivault_4,
          serial_shops, shop
Temple:   eino_temple_scatter_basement
Lair:1:   layout_cave_pods, ebering_ghost_funeral_grove, basic_altar,
          grunt_megastairs_4, serial_bayou_shore_a, infiniplex_staircase_pool_2
Lair:2:   layout_regular_city
Lair:3:   layout_roguey, elwin_shoals_entry_rooms, gauntlet_entry_generic,
          nzn_ghost_randoct, serial_bayou_lagoon_a
Lair:4:   beast_lair_carwin_large_2, layout_cellular_growth,
          spider_nest_entry_webs, chequers_serial_rivers_micro_b, uniq_snorg,
          uniq_nergalle
Lair:5:   layout_gridlike, chequers_serial_rivers_micro_b, grunt_megastairs_5
Lair:6:   hangedman_lair_tendril_chambers, layout_regular_city, wormcave,
          slime_dummy, basic_altar, serial_rivers,
          chequers_serial_rivers_room_b, chequers_serial_rivers_micro_e,
          chequers_serial_rivers_small_3, chequers_serial_rivers_micro_e,
          uniq_rupert
Orc:1:    layout_caves, uniq_harold
Orc:2:    st_orc_town, layout_caves, serial_shops, nicolae_shop_behind_doors,
          nicolae_shop_statue_plus, uniq_josephine

Notes
Turn   | Place    | Note
-------+----------+-------------------------------------------
     0 | D:1      | mortz the Human Conjurer began the quest for the Orb.
     0 | D:1      | Reached XP level 1. HP: 13/13 MP: 3/3
     0 | D:1      | magus.rc [v1.9.6]
   331 | D:1      | Reached XP level 2. HP: 19/19 MP: 1/5
   495 | D:1      | Learned a level 2 spell: Searing Ray
   843 | D:1      | Reached XP level 3. HP: 24/24 MP: 0/6
  1440 | D:2      | Noticed Terence
  1490 | D:2      | Killed Terence
  1491 | D:2      | Reached skill level 5 in Conjurations
  1491 | D:2      | Reached XP level 4. HP: 22/30 MP: 1/7
  1789 | D:2      | Noticed Robin
  1874 | D:2      | Found a faded altar of an unknown god.
  2068 | D:2      | Killed Robin
  2069 | D:2      | Reached XP level 5. HP: 35/35 MP: 1/8
  2141 | D:2      | Noticed Sigmund
  2160 | D:2      | HP: 1/35 [something (12)]
  2621 | D:2      | You add the spells Ignite Poison, Mephitic Cloud and
                  | Freezing Cloud to your library.
  2626 | D:2      | Learned a level 3 spell: Mephitic Cloud
  2934 | D:2      | Killed Sigmund
  2935 | D:2      | Reached skill level 1 in Axes
  2935 | D:2      | Reached skill level 3 in Stealth
  2935 | D:2      | Reached skill level 3 in Spellcasting
  2935 | D:2      | Reached skill level 6 in Conjurations
  2935 | D:2      | Reached XP level 6. HP: 32/41 MP: 1/10
  3317 | D:3      | You pick up a book of Weapons and begin reading...
  3317 | D:3      | You add the spells Portal Projectile, Excruciating Wounds
                  | and Blade Hands to your library.
  3663 | D:3      | Reached XP level 7. HP: 46/46 MP: 8/12
  3711 | D:3      | You pick up a book of Vapours and begin reading...
  3711 | D:3      | You add the spells Poisonous Vapours and Corpse Rot to your
                  | library.
  4264 | D:4      | Found a sand-covered staircase.
  4269 | Ossuary  | Entered an ossuary
  4443 | Ossuary  | Reached skill level 4 in Spellcasting
  4682 | D:4      | Reached skill level 1 in Fighting
  4682 | D:4      | Reached skill level 2 in Axes
  4820 | D:4      | Reached XP level 8. HP: 54/54 MP: 11/14
  5053 | D:4      | Reached skill level 3 in Dodging
  5231 | D:4      | You pick up a book of Conjurations {@e2} and begin
                  | reading...
  5236 | D:4      | Learned a level 3 spell: Dazzling Flash
  5446 | D:5      | Entered Level 5 of the Dungeon
  5483 | D:5      | Reached skill level 4 in Stealth
  5532 | D:5      | Reached skill level 7 in Conjurations
  5758 | D:5      | Found a runed translucent door.
  5759 | D:5      | Noticed Crazy Yiuf
  5900 | D:5      | Found a transporter.
  6000 | D:5      | Found a transporter.
  6080 | D:5      | Found an ancient bone altar of Kikubaaqudgha.
  6099 | D:5      | Reached skill level 5 in Spellcasting
  6287 | D:5      | Reached XP level 9. HP: 61/61 MP: 7/17
  6566 | D:5      | Found a staircase to the Ecumenical Temple.
  6573 | Temple   | Entered the Ecumenical Temple
  6693 | Temple   | Became a worshipper of Vehumet
  6986 | D:5      | Killed Crazy Yiuf
  7069 | D:5      | Reached skill level 4 in Dodging
  7513 | D:6      | Reached skill level 1 in Long Blades
  7733 | D:6      | Reached skill level 8 in Conjurations
  7930 | D:6      | Found Weawk's Magic Scroll Shoppe.
  7943 | D:6      | Reached skill level 6 in Spellcasting
  8000 | D:6      | Bought a scroll of noise for 14 gold pieces
  8000 | D:6      | Bought a scroll of identify for 28 gold pieces
  8000 | D:6      | Bought a scroll of fear for 49 gold pieces
  8000 | D:6      | Bought a scroll of identify for 28 gold pieces
  8000 | D:6      | Bought a scroll of amnesia for 49 gold pieces
  8000 | D:6      | Bought a scroll of identify for 28 gold pieces
  8000 | D:6      | Bought a scroll of identify for 28 gold pieces
  8234 | D:6      | Reached skill level 2 in Long Blades
  8442 | D:6      | Found an ornate altar of the Wu Jian Council.
  8444 | D:6      | Found a shimmering altar of Xom.
  8444 | D:6      | Found a sparkling altar of Nemelex Xobeh.
  8446 | D:6      | Found a basalt altar of Yredelemnul.
  8446 | D:6      | Found a glowing silver altar of Zin.
  8446 | D:6      | Found a glowing golden altar of the Shining One.
  8544 | D:6      | Found Zalat's Weapon Shoppe.
  8666 | D:7      | magus.rc [v1.9.6]
  8672 | D:7      | Reached * piety under Vehumet
  8672 | D:7      | Offered knowledge of Shock by Vehumet.
  8759 | D:7      | Learned a level 4 spell: Fulminant Prism
  8764 | D:7      | Learned a level 4 spell: Iskenderun's Mystic Blast
  8764 | D:7      | magus.rc [v1.9.6]
  8902 | D:7      | Reached skill level 3 in Long Blades
  9076 | D:7      | Reached XP level 10. HP: 67/67 MP: 10/20
  9209 | D:7      | Found an ornate altar of the Wu Jian Council.
  9211 | D:7      | Found a hide-covered altar of Uskayaw.
  9422 | D:7      | Reached skill level 9 in Conjurations
  9709 | D:7      | Reached skill level 7 in Spellcasting
  9777 | D:7      | HP: 15/67 [yak (3)]
  9779 | D:7      | HP: 3/67 [yak (13)]
 10157 | D:8      | Reached skill level 4 in Long Blades
 10294 | D:8      | Reached skill level 5 in Dodging
 10341 | D:8      | Reached skill level 2 in Fighting
 10449 | D:8      | You pick up a book of Touch and begin reading...
 10449 | D:8      | You add the spells Static Discharge, Sticky Flame and
                  | Dispel Undead to your library.
 10455 | D:8      | Learned a level 4 spell: Sticky Flame
 10551 | D:8      | Found Abey's Book Shop.
 10554 | D:8      | You pick up a book of Cantrips and begin reading...
 10554 | D:8      | You add the spells Animate Skeleton, Summon Small Mammal
                  | and Apportation to your library.
 10564 | D:8      | Found an opulent altar of Gozag.
 10724 | D:8      | Reached skill level 5 in Stealth
 10896 | D:8      | Found a staircase to the Lair.
 11232 | D:9      | Reached skill level 8 in Spellcasting
 11501 | D:9      | Found Wuplepp's Armour Shop.
 11566 | D:9      | Bought a +0 pair of gloves for 54 gold pieces
 11845 | D:9      | Reached XP level 11. HP: 54/73 MP: 14/23
 12103 | D:9      | Noticed Erica
 12115 | D:9      | Killed Erica
 12116 | D:9      | Reached skill level 5 in Long Blades
 12116 | D:9      | Reached skill level 10 in Conjurations
 12909 | D:9      | magus.rc [v1.9.6]
 12909 | D:9      | magus.rc [v1.9.6]
 12937 | D:10     | Entered Level 10 of the Dungeon
 12951 | D:10     | Identified the amulet of Knowledge {Spirit rPois rN+
                  | Stlth+}
 13051 | D:10     | Found a flagged portal.
 13091 | Bailey   | Entered a bailey
 13594 | Bailey   | Reached ** piety under Vehumet
 13755 | Bailey   | Reached skill level 9 in Spellcasting
 13825 | Bailey   | Offered knowledge of Foxfire by Vehumet.
 13842 | Bailey   | Learned a level 1 spell: Foxfire
 13966 | Bailey   | Identified the +4 triple crossbow "Gunwach" {elec, rN+}
 13968 | Bailey   | Noticed an orc knight
 13987 | Bailey   | HP: 4/74 [orc knight (18)]
 14347 | Bailey   | HP: 18/74 [orc knight (23)]
 14365 | Bailey   | HP: 7/74 [orc knight (15)]
 14416 | Bailey   | HP: 10/74 [orc knight (9)]
 14864 | Bailey   | X - a +0 vorpal executioner's axe {axerare=g}
 15088 | D:10     | Noticed a two-headed ogre
 15509 | D:9      | Killed a two-headed ogre
 15510 | D:9      | Reached skill level 3 in Fighting
 15583 | D:10     | Found Saokhl Boysk's Antique Weapon Shoppe.
 15644 | D:10     | Reached skill level 6 in Dodging
 15696 | D:10     | Reached skill level 1 in Armour
 15804 | D:10     | Noticed a two-headed ogre
 15831 | D:9      | Killed a two-headed ogre
 16079 | D:9      | Reached skill level 2 in Armour
 16494 | D:10     | Found a bloodstained altar of Trog.
 16851 | D:11     | Found the +0 pair of fencer's gloves {Riposte Dex+3}
 16930 | D:11     | Noticed a two-headed ogre
 16948 | D:11     | Killed a two-headed ogre
 17081 | D:11     | You pick up a book of Cantrips and begin reading...
 17106 | D:11     | Reached XP level 12. HP: 82/82 MP: 20/25
 17320 | D:11     | Noticed a boulder beetle
 17337 | D:11     | HP: 5/83 [boulder beetle (42)]
 17568 | D:11     | Killed a boulder beetle
 17569 | D:11     | Reached skill level 3 in Armour
 17569 | D:11     | Reached skill level 11 in Conjurations
 17685 | D:11     | Noticed an eight-headed hydra
 17699 | D:11     | Killed an eight-headed hydra
 18020 | D:11     | You pick up a book of Armaments and begin reading...
 18020 | D:11     | You add the spells Stone Arrow, Animate Armour and
                  | Lehudib's Crystal Spear to your library.
 18025 | D:11     | Learned a level 3 spell: Stone Arrow
 18142 | D:12     | Noticed a two-headed ogre
 18147 | D:12     | Killed a two-headed ogre
 18148 | D:12     | Reached skill level 4 in Fighting
 18148 | D:12     | Reached skill level 10 in Spellcasting
 18437 | D:12     | Reached skill level 7 in Dodging
 18483 | D:12     | Offered knowledge of Inner Flame by Vehumet.
 18543 | D:12     | Learned a level 3 spell: Inner Flame
 18589 | D:12     | Noticed Sonja
 18594 | D:12     | Killed Sonja
 18852 | D:12     | Reached skill level 1 in Fire Magic
 19077 | Lair:1   | Entered Level 1 of the Lair of Beasts
 19148 | Lair:1   | Found a white marble altar of Elyvilon.
 19154 | Lair:1   | You pick up a book of Scorching and begin reading...
 19154 | Lair:1   | You add the spells Scorch, Flame Wave and Summon Cactus
                  | Giant to your library.
 19180 | Lair:1   | Noticed a seven-headed hydra
 19196 | Lair:1   | Killed a five-headed hydra
 19197 | Lair:1   | Reached skill level 6 in Long Blades
 19197 | Lair:1   | Reached skill level 4 in Armour
 19429 | Lair:1   | Noticed a four-headed hydra
 19446 | Lair:1   | Killed a four-headed hydra
 19608 | Lair:1   | Reached *** piety under Vehumet
 19669 | Lair:1   | Found a runed translucent door.
 19671 | Lair:1   | Noticed Quet's ghost (journeyman VSBe)
 19673 | Lair:1   | Identified the +9 trident of Wiudowk {holy, +Blink rC-
                  | Int-3 Stlth+}
 19678 | Lair:1   | Noticed a spriggan rider
 19808 | Lair:1   | Reached XP level 13. HP: 88/90 MP: 20/27
 20133 | Lair:1   | Noticed an eight-headed hydra
 20165 | Lair:1   | Reached skill level 7 in Long Blades
 20170 | Lair:1   | Killed a seven-headed hydra
 20171 | Lair:1   | Reached skill level 5 in Fighting
 20171 | Lair:1   | Reached skill level 8 in Dodging
 20479 | Lair:1   | Offered knowledge of Frozen Ramparts by Vehumet.
 20910 | Lair:2   | You pick up a book of the Sky and begin reading...
 20910 | Lair:2   | You add the spells Summon Lightning Spire, Storm Form and
                  | Maxwell's Capacitive Coupling to your library.
 20916 | Lair:2   | Learned a level 4 spell: Flame Wave
 21155 | Lair:2   | Noticed a four-headed hydra
 21160 | Lair:2   | Killed a four-headed hydra
 21693 | Lair:2   | Reached skill level 8 in Long Blades
 22025 | Lair:3   | Found a transporter.
 22027 | Lair:3   | Noticed Selrock's ghost (journeyman TrMo)
 22039 | Lair:3   | Found a transporter.
 22039 | Lair:3   | Noticed a four-headed hydra
 22093 | Lair:3   | Reached skill level 12 in Conjurations
 22447 | Lair:3   | Reached **** piety under Vehumet
 22602 | Lair:3   | Reached skill level 2 in Fire Magic
 23209 | Lair:1   | Offered knowledge of Yara's Violent Unravelling by Vehumet.
 23241 | Lair:2   | Reached skill level 11 in Spellcasting
 23322 | Lair:2   | Reached skill level 1 in Earth Magic
 23591 | Lair:3   | You pick up a book of Fire and begin reading...
 23591 | Lair:3   | You add the spells Fireball, Starburst and Ignition to your
                  | library.
 23599 | Lair:3   | Learned a level 5 spell: Fireball
 23941 | Lair:3   | Found a staircase to the Shoals.
 24030 | Lair:3   | Reached XP level 14. HP: 99/99 MP: 20/29
 24032 | Lair:3   | Reached skill level 2 in Earth Magic
 24526 | Lair:4   | Found a hole to the Spider Nest.
 24703 | Lair:4   | Reached skill level 3 in Fire Magic
 25032 | Lair:4   | Noticed Nergalle
 25043 | Lair:4   | Killed Nergalle
 25146 | Lair:4   | Reached skill level 1 in Hexes
 25311 | Lair:4   | Reached skill level 6 in Fighting
 25321 | Lair:4   | Reached skill level 9 in Dodging
 25403 | Lair:4   | B - a +0 executioner's axe {axerare=g}
 25588 | Lair:4   | Noticed a dire elephant
 25599 | Lair:4   | Killed a dire elephant
 25600 | Lair:4   | Reached skill level 9 in Long Blades
 25607 | Lair:4   | Reached skill level 13 in Conjurations
 25893 | Lair:4   | Reached ***** piety under Vehumet
 26154 | Lair:4   | Noticed Snorg
 26167 | Lair:4   | Killed Snorg
 27029 | Lair:5   | Offered knowledge of Iron Shot by Vehumet.
 27039 | Lair:5   | Reached skill level 6 in Stealth
 27290 | Lair:5   | Reached skill level 12 in Spellcasting
 27377 | Lair:5   | Reached skill level 4 in Fire Magic
 27459 | Lair:5   | You pick up a book of the Moon and begin reading...
 27459 | Lair:5   | You add the spells Passage of Golubria and Silence to your
                  | library.
 27613 | Lair:5   | Identified the +0 cloak of the Vacuum {Will+ Dex+4 Slay+3}
 27615 | Lair:5   | You drop a +0 executioner's axe {axerare=g}.
 27619 | Lair:5   | You drop a +0 vorpal executioner's axe {axerare=g}.
 27648 | Lair:5   | X - a +0 vorpal executioner's axe {axerare=g}
 27648 | Lair:5   | L - a +0 executioner's axe {axerare=g}
 27649 | Lair:5   | You drop a +0 executioner's axe {axerare=g}.
 27650 | Lair:5   | You drop a +0 vorpal executioner's axe {axerare=g}.
 27651 | Lair:5   | X - a +0 vorpal executioner's axe {axerare=g}
 27651 | Lair:5   | L - a +0 executioner's axe {axerare=g}
 27654 | Lair:5   | You drop a +0 executioner's axe {axerare=g}.
 27655 | Lair:5   | You drop a +0 vorpal executioner's axe {axerare=g}.
 27658 | Lair:5   | X - a +0 vorpal executioner's axe {axerare=g}
 27658 | Lair:5   | L - a +0 executioner's axe {axerare=g}
 27919 | Lair:6   | Entered Level 6 of the Lair of Beasts
 27994 | Lair:6   | Reached skill level 3 in Earth Magic
 28054 | Lair:6   | Found a hide-covered altar of Uskayaw.
 28336 | Lair:6   | Noticed Rupert
 28449 | Lair:6   | Reached XP level 15. HP: 107/107 MP: 28/31
 28700 | Lair:6   | Reached skill level 1 in Polearms
 28883 | Lair:6   | Reached skill level 5 in Armour
 29008 | Lair:6   | Offered knowledge of Lightning Bolt by Vehumet.
 29016 | Lair:6   | Learned a level 5 spell: Lightning Bolt
 29298 | Lair:6   | You drop a +0 executioner's axe {axerare=g}.
 29300 | Lair:6   | You drop a +0 vorpal executioner's axe {axerare=g}.
 29309 | Lair:6   | Reached skill level 7 in Fighting
 29309 | Lair:6   | Reached skill level 5 in Fire Magic
 29350 | Lair:6   | Found a staircase to the Slime Pits.
 29461 | Lair:6   | Found a runed translucent door.
 29532 | Lair:6   | Reached skill level 2 in Polearms
 29676 | Lair:6   | HP: 21/108 [torpor snail (14)]
 30175 | Lair:6   | HP: 27/108 [poisoned by a redback]
 30180 | Lair:6   | HP: 25/108 [poisoned by a redback]
 30658 | D:12     | Noticed Fannar
 30671 | D:12     | Killed Fannar
 31047 | D:12     | Found a staircase to the Orcish Mines.
 31114 | Orc:1    | Entered Level 1 of the Orcish Mines
 31114 | Orc:1    | Noticed Harold
 31173 | Orc:1    | Killed Harold
 31174 | Orc:1    | Reached skill level 10 in Long Blades
 31561 | Orc:2    | Entered Level 2 of the Orcish Mines
 31569 | Orc:2    | Noticed Josephine
 31593 | Orc:2    | Killed Josephine
 31765 | Orc:2    | Found Qalibb's Jewellery Shop.
 31775 | Orc:2    | Found a staircase to the Elven Halls.
 31845 | Orc:2    | Offered knowledge of Spellforged Servitor by Vehumet.
 32030 | Orc:2    | HP: 21/110 [orc warrior (29)]
 32035 | Orc:2    | Reached skill level 10 in Dodging
 32036 | Orc:2    | HP: 26/110 [orc knight (15)]
 32045 | Orc:2    | HP: 25/110 [orc knight (10)]
 32355 | Orc:2    | Reached skill level 6 in Fire Magic
 32491 | Orc:2    | Reached skill level 13 in Spellcasting
 32491 | Orc:2    | Reached XP level 16. HP: 63/116 MP: 10/33
 32757 | Orc:1    | Reached skill level 14 in Conjurations
 32848 | Orc:1    | Offered knowledge of Lee's Rapid Deconstruction by Vehumet.
 33318 | Orc:2    | Found Qengix's Distillery.
 33318 | Orc:2    | Found Satiusav's Jewellery Shoppe.
 33540 | Orc:2    | Found Tewaem's Jewellery Shop.
 33540 | Orc:2    | Found Anneaden's Book Shoppe.
 33761 | Orc:2    | Found Zuatasur's Distillery.
 33769 | Orc:2    | Bought a potion of degeneration for 15 gold pieces
 33939 | Orc:2    | Bought the ring "Rolaux" {rPois Str+6 Int+4 SInv} for 1481
                  | gold pieces
 34285 | D:13     | Found a frozen archway.
 34291 | IceCv    | Entered an ice cave
 34613 | IceCv    | Reached skill level 8 in Fighting
 34852 | IceCv    | Reached skill level 11 in Long Blades
 34879 | IceCv    | Offered knowledge of Orb of Destruction by Vehumet.
 34968 | IceCv    | Noticed an azure jelly
 34980 | IceCv    | Killed an azure jelly
 35062 | IceCv    | Found a viscous altar of Jiyva.
 35078 | IceCv    | You pick up a book of Power and begin reading...
 35078 | IceCv    | You add the spells Iskenderun's Battlesphere, Iron Shot and
                  | Spellforged Servitor to your library.
 35080 | IceCv    | Got the +10 hand axe of the Glimmering Spider {freeze,
                  | rPois, axe}
 35600 | D:13     | Found a runed translucent gate.
 35601 | D:13     | Found a runed translucent gate.
 35601 | D:13     | Found a runed translucent gate.
 35652 | D:13     | Found an iron altar of Okawaru.
 35652 | D:13     | Noticed Wemm's ghost (journeyman SpEn)
 35805 | D:13     | Found an ancient bone altar of Kikubaaqudgha.
 35936 | D:13     | magus.rc [v1.9.6]
 36031 | D:14     | Reached skill level 7 in Fire Magic
 36033 | D:14     | You pick up a book of Necromancy and begin reading...
 36033 | D:14     | You add the spells Pain and Vampiric Draining to your
                  | library.
 36043 | D:14     | Learned a level 7 spell: Orb of Destruction
 36205 | D:14     | Noticed an iron dragon
 36207 | D:14     | Noticed Ficoysum's ghost (journeyman GnWn)
 36209 | D:14     | Found a transporter.
 36217 | D:14     | Found a transporter.
 37747 | D:14     | Found a gate to the Vaults.
 37932 | D:15     | Entered Level 15 of the Dungeon
 37940 | D:15     | Noticed a fire giant
 38127 | D:15     | Reached XP level 17. HP: 106/124 MP: 27/34
 38625 | D:14     | HP: 23/124 [red ugly thing (15)]
 38743 | D:14     | Reached skill level 3 in Axes
 38856 | D:15     | Offered knowledge of Conjure Ball Lightning by Vehumet.
 38912 | D:14     | Learned a level 6 spell: Conjure Ball Lightning
 38972 | D:15     | Identified the +2 robe "Sukluys" {*Corrode rElec rPois
                  | Archmagi}
 39068 | D:15     | Found a staircase to the Depths.
 39199 | D:15     | Found Docoxtafas's Magic Scroll Boutique.
 39211 | D:15     | Bought a scroll of identify for 38 gold pieces
 39562 | Lair:1   | Killed Quet's ghost
 39563 | Lair:1   | HP: 27/124 [spriggan rider (10)]
 39571 | Lair:1   | HP: 23/124 [spriggan rider (6)]
 39585 | Lair:1   | HP: 26/124 [spriggan rider (2)]
 39590 | Lair:1   | HP: 17/124 [spriggan rider (11)]
 39950 | Lair:1   | Reached skill level 4 in Axes
 40287 | Lair:3   | Killed Selrock's ghost
 40288 | Lair:3   | Reached skill level 4 in Earth Magic
 40306 | Lair:3   | HP: 26/124 [torpor snail (8)]
 40310 | Lair:3   | HP: 8/124 [torpor snail (7)]
 40316 | Lair:3   | Killed from afar by an ice statue

Vanquished Creatures
  An azure jelly (IceCv)
  A fire giant (D:15)
  The ghost of Selrock the Grappler, a journeyman TrMo of Hepliaklqana (Lair:3)
  A dire elephant (Lair:4)
  Snorg (Lair:4)
  An ettin (Orc:2)
  Josephine (Orc:2)
  The ghost of Quet the Basher, a journeyman VSBe of Trog (Lair:1)
  Fannar (D:12)
  3 boulder beetles
  5 vault guards (D:14)
  9 hydras
  An ice dragon (Lair:6)
  A catoblepas (Lair:4)
  Erica (D:9)
  Harold (Orc:1)
  10 two-headed ogres
  An ogre mage (D:15)
  5 centaur warriors
  9 death yaks
  Sonja (D:12)
  8 skeletal warriors (D:14)
  Nergalle (Lair:4)
  2 deep elf pyromancers
  2 lindwurms (Lair:6)
  A deep elf zephyrmancer (D:14)
  4 ugly things
  8 orc knights
  3 cyclopes
  2 wolf spiders (Lair:6)
  6 orc sorcerers
  A manticore (D:15)
  17 elephants
  A guardian serpent (Lair:6)
  5 torpor snails (Lair:6)
  A merfolk siren (Lair:3)
  11 black mambas
  12 cane toads
  An unseen horror (shapeshifter) (D:13)
  7 komodo dragons
  An efreet (D:13)
  An unseen horror (D:12)
  4 rime drakes
  A yaktaur (D:14)
  A tengu conjurer (D:14)
  2 entropy weaver simulacra (IceCv)
  A freezing wraith (D:14)
  2 merfolk (Lair:3)
  6 trolls
  4 polar bears
  3 meliai (D:15)
  20 blink frogs
  27 slime creatures
  3 tyrant leeches (Lair:6)
  9 hornets
  6 dream sheep (Lair:2)
  2 shadows (D:9)
  Sigmund (D:2)
  11 wyverns
  3 spriggans (Lair:1)
  A water elemental (D:14)
  5 wraiths
  5 basilisks
  A human (D:14)
  42 yaks
  6 vampire mosquitoes
  4 steam dragons
  6 redbacks
  An acid dragon (D:11)
  A harpy simulacrum (D:15)
  5 wargs (Orc:2)
  24 water moccasins
  6 demonic crawler simulacra (IceCv)
  3 sky beasts
  2 ugly thing simulacra (IceCv)
  56 orc warriors
  2 necrophages
  A black bear (Lair:1)
  A hornet zombie (D:9)
  2 ice beasts
  14 ogres
  A centaur (shapeshifter) (D:12)
  3 phantoms
  30 wolves
  12 centaurs
  13 bullfrogs
  5 kobold brigands
  5 gnoll sergeants
  A scorpion (D:6)
  A water moccasin zombie (D:6)
  A wyvern zombie (D:8)
  6 glowing shapeshifter simulacra (IceCv)
  5 wights
  9 killer bees
  2 electric eels (Lair:3)
  A howler monkey (D:7)
  3 bullfrog zombies
  5 centaur zombies
  A jelly (D:7)
  10 orc priests
  6 hounds
  2 human zombies (Ossuary)
  Crazy Yiuf (D:5)
  Terence (D:2)
  9 iguanas
  10 orc wizards
  2 mummies (Ossuary)
  2 howler monkey zombies
  Robin (D:2)
  9 gnolls
  5 adders
  4 worms
  3 dart slugs
  88 orcs
  9 endoplasms
  6 giant cockroaches
  5 gnoll zombies
  23 goblins
  9 hobgoblins
  2 quokkas
  5 ball pythons
  7 bats
  2 frilled lizards (D:2)
  A goblin zombie (Ossuary)
  3 hobgoblin zombies (Ossuary)
  15 kobolds
  5 orc zombies
  5 rats
  A fire vortex (D:14)
  A foxfire (Orc:1)
  A fulminant prism (Bailey)
802 creatures vanquished.

Vanquished Creatures (collateral kills)
  2 foxfires
2 creatures vanquished.

Vanquished Creatures (others)
  A demonic crawler simulacrum (IceCv)
  A gnoll (Orc:1)
  An orc (Orc:1)
  3 ball lightnings (D:15)
  505 foxfires
  5 fulminant prisms
  55 fungi
  172 plants
743 creatures vanquished.

Grand Total: 1547 creatures vanquished

Table legend:
 A = Non-vault XP
 B = Vault XP
 C = Vault XP percentage of total XP
 D = Non-vault monster count
 E = Vault monster count
 F = Vault count percentage of total count
                 A         B        C        D         E       F
            +---------+---------+-------+---------+---------+-------
      Total |  101192 |   67966 |  40.2 |     498 |     301 |  37.7
            +---------+---------+-------+---------+---------+-------
        D:1 |      33 |       0 |   0.0 |      19 |       0 |   0.0
        D:2 |      63 |     293 |  82.3 |      27 |      14 |  34.1
        D:3 |     143 |       0 |   0.0 |       9 |       0 |   0.0
        D:4 |     481 |       0 |   0.0 |      21 |       0 |   0.0
        D:5 |     939 |      81 |   7.9 |      13 |       4 |  23.5
        D:6 |     603 |     172 |  22.2 |      18 |       1 |   5.3
        D:7 |    1251 |     596 |  32.3 |      14 |       5 |  26.3
        D:8 |     407 |    1552 |  79.2 |       7 |       9 |  56.2
        D:9 |    4520 |     844 |  15.7 |      31 |       1 |   3.1
       D:10 |    1068 |     255 |  19.3 |      13 |       9 |  40.9
       D:11 |    4113 |       0 |   0.0 |      10 |       0 |   0.0
       D:12 |    6590 |    3038 |  31.6 |      22 |      22 |  50.0
       D:13 |    4353 |     738 |  14.5 |      14 |       2 |  12.5
       D:14 |   14114 |   10365 |  42.3 |      27 |      16 |  37.2
       D:15 |    5980 |    1345 |  18.4 |      15 |       1 |   6.2
     Lair:1 |    7826 |    4063 |  34.2 |      28 |      14 |  33.3
     Lair:2 |    7378 |       0 |   0.0 |      18 |       0 |   0.0
     Lair:3 |    7965 |    4591 |  36.6 |      29 |      12 |  29.3
     Lair:4 |    6734 |    6063 |  47.4 |      24 |      13 |  35.1
     Lair:5 |    6987 |     401 |   5.4 |      23 |       2 |   8.0
     Lair:6 |    8077 |   16619 |  67.3 |      30 |      52 |  63.4
      Orc:1 |    3398 |     842 |  19.9 |      45 |       1 |   2.2
      Orc:2 |    5305 |    8166 |  60.6 |      31 |      61 |  66.3
    Ossuary |       0 |     175 | 100.0 |       0 |      16 | 100.0
     Bailey |       0 |     824 | 100.0 |       0 |      19 | 100.0
      IceCv |    2864 |    6943 |  70.8 |      10 |      27 |  73.0
            +---------+---------+-------+---------+---------+-------

Illustrated notes

Table legend:
 A = Kills in this place as a percentage of kills in entire the game.
 B = Kills by you in this place as a percentage of kills by you in the entire game.
 C = Kills by friends in this place as a percentage of kills by friends in the entire game.
 D = Other kills in this place as a percentage of other kills in the entire game.
 E = Experience gained in this place as a percentage of experience gained in the entire game.
 F = Experience gained in this place divided by the number of levels of this place that you have seen.
                   A       B       C       D       E      F
               +-------+-------+-------+-------+-------+----------------------
         Total | 100.0 | 100.0 |   N/A |   N/A | 100.0 | 6265.1
       Dungeon |  43.1 |  43.1 |   N/A |   N/A |  37.8 | 4262.5
          Lair |  30.7 |  30.7 |   N/A |   N/A |  45.3 | 12784.0
  Orcish Mines |  17.3 |  17.3 |   N/A |   N/A |  10.5 | 8855.5
       Ossuary |   2.0 |   2.0 |   N/A |   N/A |   0.1 | 175.0
        Bailey |   2.4 |   2.4 |   N/A |   N/A |   0.5 | 824.0
      Ice Cave |   4.6 |   4.6 |   N/A |   N/A |   5.8 | 9807.0
               +-------+-------+-------+-------+-------+----------------------

Table legend: (Time is in decaauts)
 A = Elapsed time spent in this place.
 B = Non-inter-level travel time spent in this place.
 C = Inter-level travel time spent in this place.
 D = Time resting spent in this place.
 E = Time spent auto-exploring this place.
 F = Levels seen in this place.
 G = Mean time per level.
                   A        B        C        D        E       F      G
               +--------+--------+--------+--------+--------+-----+--------+
         Total |  40436 |  38522 |   1914 |  16745 |  12383 |  27 | 1497.6 |
       Dungeon |  22525 |  21357 |   1168 |   9756 |   7863 |  15 | 1501.7 |
        Temple |    141 |    121 |     20 |      0 |    101 |   1 |  141.0 |
          Lair |  11987 |  11453 |    534 |   4514 |   3643 |   6 | 1997.8 |
  Orcish Mines |   2742 |   2550 |    192 |    846 |    707 |   2 | 1371.0 |
       Ossuary |    405 |    405 |      0 |    192 |     51 |   1 |  405.0 |
        Bailey |   1786 |   1786 |      0 |    982 |      0 |   1 | 1786.0 |
      Ice Cave |    845 |    845 |      0 |    455 |     18 |   1 |  845.0 |
               +--------+--------+--------+--------+--------+-----+--------+

Top non-repeatable levels by time:
    D:14: 2736 daAuts
     D:9: 2476 daAuts
  Lair:1: 2398 daAuts
  Lair:6: 2376 daAuts
  Lair:3: 2281 daAuts
  Lair:4: 2035 daAuts
    D:12: 1851 daAuts
   Orc:2: 1842 daAuts
     D:2: 1801 daAuts
  Bailey: 1786 daAuts
     D:5: 1706 daAuts
    D:10: 1676 daAuts
  Lair:2: 1591 daAuts
     D:8: 1538 daAuts
     D:7: 1457 daAuts
